 Dungeon Crawl Stone Soup version 0.29.1-1-gd02db6906a (webtiles) character file.

Game seed: 11307818076700039103

564 CougarLife the Ruffian (level 7, -4/66 HPs)
             Began as a Troll Fighter on Sept 29, 2022.
             Slain by a lemure (7 damage)
             ... led by Pikel
             ... on level 5 of the Dungeon.
             The game lasted 00:03:50 (3342 turns).

CougarLife the Ruffian (Troll Fighter)              Turns: 3342, Time: 00:03:51

Health: -4/66      AC:  4    Str: 25    XL:     7   Next: 10%
Magic:  6/6        EV:  8    Int:  6    God:
Gold:   249        SH:  7    Dex:  9    Spells: 6/6 levels left

rFire   . . .      SeeInvis .     - Unarmed
rCold   . . .      Faith    .   b - +0 kite shield
rNeg    . . .      Spirit   .   a - +0 robe
rPois   .          Reflect  .   (helmet restricted)
rElec   .          Harm     .   (no cloak)
rCorr   .          Rampage  .   (gloves unavailable)
Will    .....                   (boots unavailable)
Stlth   +.........              (no amulet)
HPRegen 1.01/turn               (no ring)
MPRegen 0.10/turn               (no ring)

@: no status effects
A: large, unfitting armour, claws 3, regeneration 1, shaggy fur 1, tough skin 1
a: no special abilities


You were on level 5 of the Dungeon.
You visited 1 branch of the dungeon, and saw 5 of its levels.

You collected 249 gold pieces.

Inventory:

Missiles
 d - 5 javelins (quivered)
 g - 7 poisoned darts
Armour
 a - a +0 robe (worn)
 b - a +0 kite shield (worn)
Jewellery
 q - a ring of magical power
Scrolls
 e - 6 scrolls of identify {unknown}
 f - a scroll of butterflies {unknown}
 h - a scroll of magic mapping {unknown}
 i - a scroll of amnesia {unknown}
 l - 2 scrolls of summoning {unknown}
 s - a scroll of blinking {unknown}
Potions
 c - a potion of might
 j - a potion of haste {unknown}
 k - 4 potions of curing {unknown}
 m - a potion of berserk rage {unknown}
 n - 3 potions of heal wounds {unknown}
 o - a potion of resistance {unknown}
 p - 2 potions of degeneration {unknown}
 r - a potion of attraction {unknown}


   Skills:
 - Level 2.4 Fighting
 - Level 2.4 Dodging
 - Level 2.6 Shields
 * Level 7.9 Unarmed Combat


You had 6 spell levels left.
You didn't know any spells.
Your spell library contained the following spells:

 Spells                   Type           Power      Damage    Failure   Level
 Portal Projectile        Hex/Tloc       0%         N/A       98%         3
 Tukima's Dance           Hex            0%         N/A       98%         3
 Blade Hands              Tmut           0%         N/A       100%        5
 Irradiate                Conj/Tmut      0%         3d11      100%        5
 Dragon Form              Tmut           0%         N/A       100%        7


Dungeon Overview and Level Annotations

Branches:
Dungeon (5/15)
 Temple: D:4-7

Altars:
Elyvilon
Makhleb

Annotations:
D:5 1 transporter, Pikel


Innate Abilities, Weirdness & Mutations

You are too large for most types of armour.
You have claws for hands.
Your natural rate of healing is unusually fast.
You are covered in fur. (AC +1)
You have tough skin. (AC +1)


Message History

Pikel is lightly wounded.
The howler monkey hoots and howls with incredible vigour!
You hear a shout!
You hear a bark! x2
You closely miss Pikel.
Pikel is lightly wounded.
Pikel cracks his whip.
Pikel hits you with a +1 whip of flaming!
Pikel burns you. The lemure hits you.
You scratch Pikel but do no damage.
Pikel is lightly wounded.
Pikel hits you but does no damage. The lemure closely misses you. x2
Pikel hits you with a +1 whip of flaming!
Pikel burns you.
You miss Pikel.
Pikel is lightly wounded.
Pikel hits you with a +1 whip of flaming!
Pikel burns you. The lemure hits you.
You claw Pikel!
Pikel is moderately wounded.
Pikel zaps a wand.
The puff of flame hits you. You block the lemure's attack.
You scratch Pikel.
Pikel is heavily wounded.
The howler monkey hoots and howls with incredible vigour!
Pikel hits you with a +1 whip of flaming.
* * * LOW HITPOINT WARNING * * *
Pikel burns you.
* * * LOW HITPOINT WARNING * * *
You block the lemure's attack.
You hear a shout!
You hear a bark! x2
You completely miss Pikel.
Pikel is heavily wounded.
You block Pikel's attack. The lemure barely misses you.
You scratch Pikel.
Pikel is heavily wounded.
Pikel hits you with a +1 whip of flaming!
* * * LOW HITPOINT WARNING * * *
Pikel burns you.
* * * LOW HITPOINT WARNING * * *
The lemure hits you!
You die...

#..............#
####....†..).....†#
..[...............'
##########..............#
........#####'######....#
#.......................+
##............#.........#
.......!#######.####....#
.....##.@55<....# ######
.... #.#Kh.≈≈.§ # ...
#.#55.≈#+# # .. #.#...≈#
... . #.#...≈# ###
#.#...≈≈≈ #8P #$#.##....
#P. #. .# .... ### #o≈


You could see Pikel, 4 lemures and a howler monkey.

Vanquished Creatures
  Sigmund (D:2)
  A black bear (D:5)
  An ogre (D:4)
  A scorpion (D:5)
  A hound (D:4)
  3 gnolls (D:4)
  An adder (D:4)
  An ufetubus (D:5)
  2 worms (D:2)
  2 dart slugs
  9 orcs
  4 ball pythons
  7 endoplasms
  5 giant cockroaches
  4 goblins
  9 hobgoblins
  4 jackals (D:2)
  7 kobolds
  4 quokkas
  3 bats (D:1)
  7 frilled lizards
  6 rats
83 creatures vanquished.

Vanquished Creatures (others)
  2 plants (D:1)
2 creatures vanquished.

Grand Total: 85 creatures vanquished

Notes
Turn   | Place    | Note
-------+----------+-------------------------------------------
     0 | D:1      | CougarLife the Troll Fighter began the quest for the Orb.
     0 | D:1      | Reached XP level 1. HP: 22/22 MP: 0/0
   173 | D:1      | Reached XP level 2. HP: 29/29 MP: 1/1
   257 | D:1      | Reached skill level 3 in Unarmed Combat
   276 | D:1      | Found a faded altar of an unknown god.
   600 | D:1      | Reached XP level 3. HP: 36/36 MP: 2/2
  1207 | D:2      | Reached skill level 4 in Unarmed Combat
  1364 | D:2      | Noticed Sigmund
  1373 | D:2      | Killed Sigmund
  1374 | D:2      | Reached skill level 5 in Unarmed Combat
  1374 | D:2      | Reached XP level 4. HP: 21/44 MP: 3/3
  1374 | D:2      | Reached XP level 5. HP: 23/50 MP: 4/4
  1377 | D:2      | Reached skill level 6 in Unarmed Combat
  1655 | D:3      | Found a white marble altar of Elyvilon.
  2302 | D:3      | Found a burning altar of Makhleb.
  2302 | D:3      | Noticed a green death
  2305 | D:3      | Noticed an orange demon
  2305 | D:3      | Noticed a smoke demon
  2595 | D:4      | Reached XP level 6. HP: 18/51 MP: 5/5
  2783 | D:4      | Reached skill level 7 in Unarmed Combat
  3077 | D:4      | Identified the +4 dagger "Secwu" {venom, rN+}
  3190 | D:5      | Entered Level 5 of the Dungeon
  3258 | D:5      | Found a transporter.
  3301 | D:5      | Reached XP level 7. HP: 54/66 MP: 6/6
  3329 | D:5      | Noticed Pikel
  3342 | D:5      | HP: 3/66 [Pikel/+1 whip of flaming (3)]
  3342 | D:5      | Slain by a lemure

Illustrated notes

Levels and vault maps discovered:
D:1:      dpeg_arrival_signposts, layout_basic,
          shapermc_ecumenical_altar_acropolis, lexackson_kobold_supper
D:2:      layout_loops_cross, hex_medium, uniq_sigmund
D:3:      layout_basic, makhleb_altar_promises_db, mainiacjoe_overflow_alcove_2
D:4:      layout_loops_corners
D:5:      gammafunk_wand_slinger, layout_basic, serial_shops,
          kennysheep_mini_moat, uniq_pikel

Skill      XL: |  1  2  3  4  5  6 |
---------------+-------------------+-----
Unarmed Combat | 3 5 6 7 |  7.9
Fighting       | |  2.4
Dodging        | |  2.4
Shields        | |  2.6

Action                   |  1- 3 |  4- 6 |  7- 9 || total
-------------------------+-------+-------+-------++-------
Melee: Unarmed           |   123 |    95 |    11 ||   229
Armor: Robe              |    41 |    16 |     1 ||    58
Dodge: Dodged            |    43 |    40 |     4 ||    87
Block: Kite shield       |    39 |    25 |     6 ||    70
